 Dungeon Crawl Stone Soup version 0.28.0 (webtiles) character file.

Game seed: 7537832588408966069

31264 Kaptain the Geomancer (level 13, -8/77 HPs)
             Began as a Gargoyle Earth Elementalist on Feb 16, 2022.
             Mangled by an orc warlord (26 damage)
             ... on level 1 of the Orcish Mines.
             The game lasted 00:47:57 (21878 turns).

Kaptain the Geomancer (GrEE)                       Turns: 21878, Time: 00:47:57

Health: -8/77      AC: 28    Str: 18    XL:     13   Next: 57%
Magic:  4/26       EV: 11    Int: 26    God:
Gold:   834        SH:  5    Dex: 12    Spells: 21/30 levels left

rFire   + + +      SeeInvis .   r - +9 dagger of the Lusting Spider {freeze, rC+ Will+ Int+5}
rCold   + . .      Faith    .   D - +0 buckler
rNeg    + . .      Spirit   .   p - +1 fire dragon scales
rPois   ∞          Reflect  .   L - +1 helmet
rElec   +          Harm     +   c - scarf {rC+ rF+}
rCorr   .          Rampage  .   C - +0 pair of gloves
Will    +....                   Q - +1 pair of boots of Sorcery {Harm}
Stlth   ++........              H - amulet of regeneration
HPRegen 1.02/turn               t - +6 ring of strength
MPRegen 0.20/turn               w - ring of protection from fire

@: no status effects
A: sickness immunity, AC +9, negative energy resistance 1, electricity
resistance, torment resistance 1, petrification resistance, agile 1, fire
resistance 1, shaggy fur 1
a: no special abilities


You were on level 1 of the Orcish Mines.
You visited 4 branches of the dungeon, and saw 18 of its levels.
You also visited: Ossuary.

You collected 1450 gold pieces.
You spent 616 gold pieces at shops.

Inventory:

Hand Weapons
 r - the +9 dagger of the Lusting Spider (weapon) {freeze, rC+ Will+ Int+5}
   (You found it on level 4 of the Dungeon)

   It freezes those it strikes, dealing additional cold damage.
   It can also slow down cold-blooded creatures.
   Int:       It affects your intelligence (+5).
   rC:        It protects you from cold.
   Will:      It increases your willpower.
 B - a +0 eveningstar of electrocution
 O - the +8 Vampire's Tooth {vamp}
   (You found it on level 12 of the Dungeon)

   It occasionally heals its wielder for the full amount of damage dealt when it
   wounds a living foe.
Missiles
 v - 2 throwing nets
 y - 110 stones
Armour
 c - a scarf of resistance (worn)
 p - +1 fire dragon scales (worn)
 s - a +1 leather armour
 u - a +1 cloak of willpower
 C - a +0 pair of gloves (worn)
 D - a +0 buckler (worn)
 L - a +1 helmet (worn)
 Q - the +1 pair of boots of Sorcery (worn) {Harm}
   (You found it on level 11 of the Dungeon)

   Harm:      It increases damage dealt and taken.
 T - a +0 robe of the Archmagi
Jewellery
 t - a +6 ring of strength (left hand)
 w - a ring of protection from fire (right hand)
 x - a ring of ice
 H - an amulet of regeneration (around neck)
 K - a +4 ring of evasion
 P - an amulet of faith
Wands
 b - a wand of digging (2)
 l - a wand of mindburst (5)
 n - a wand of paralysis (18)
 q - a wand of polymorph (8)
 E - a wand of charming (9)
Scrolls
 f - 2 scrolls of immolation
 g - 3 scrolls of identify
 i - 2 scrolls of vulnerability
 j - 4 scrolls of teleportation
 A - 3 scrolls of fog {unknown}
 G - 2 scrolls of enchant weapon
 I - 3 scrolls of magic mapping
 M - a scroll of blinking
 N - a scroll of torment {unknown}
Potions
 a - 2 potions of might {unknown}
 d - 5 potions of berserk rage
 e - a potion of cancellation
 h - 3 potions of resistance
 k - 3 potions of mutation
 m - 4 potions of ambrosia
 o - 5 potions of curing
 z - a potion of invisibility
 F - a potion of haste
 J - a potion of brilliance
 R - a potion of heal wounds
 S - 2 potions of magic {unknown}


   Skills:
 + Level 7.6 Fighting
 + Level 7.5 Armour
 + Level 6.2 Dodging
 + Level 8.8 Stealth
 + Level 5.9 Shields
 * Level 9.4 Spellcasting
 * Level 10.8 Conjurations
 - Level 1.3 Transmutations
 * Level 12.5 Earth Magic


You had 21 spell levels left.
You knew the following spells:

 Your Spells              Type           Power      Damage    Failure   Level
a - Sandblast             Erth           100%       2d20      1%          1
b - Stone Arrow           Conj/Erth      100%       3d13      1%          3
c - Fireball              Conj/Fire      20%        3d10      54%         5

Your spell library contained the following spells:

 Spells                   Type           Power      Damage    Failure   Level
 Passwall                 Tmut/Erth      40%        N/A       1%          2
 Foxfire                  Conj/Fire      100%       2x1d9     2%          1
 Dazzling Flash           Conj/Hex       80%        N/A       7%          3
 Petrify                  Tmut/Erth      48%        N/A       12%         4
 Wereblood                Tmut           19%        N/A       19%         2
 Fulminant Prism          Conj/Hex       20%        3d13      22%         4
 Lightning Bolt           Conj/Air       20%        1d35      54%         5
 Airstrike                Air            6%         N/A       91%         4
 Summon Lightning Spire   Summ/Air       12%        N/A       91%         4
 Conjure Ball Lightning   Conj/Air       20%        3x3d6     98%         6
 Starburst                Conj/Fire      20%        6d7       98%         6
 Agony                    Necr           12%        N/A       99%         5
 Silence                  Hex/Air        6%         N/A       99%         5
 Summon Hydra             Summ           6%         N/A       100%        7
 Ignition                 Fire           6%         3d4       100%        8
 Sublimation of Blood     Necr           Unusable   N/A       N/A         2

Dungeon Overview and Level Annotations

Branches:
Dungeon (12/15)            Temple (1/1) D:4            Lair (3/6) D:8
  Swamp (0/4) Lair:2          Orc (2/2) D:11        Ossuary (visited)
  Snake: Lair:2-4    Spider: Lair:2-4       Elf: Orc:2

Altars:
Ashenzari
Cheibriados
Dithmenos
Elyvilon
Fedhas
Gozag
Hepliaklqana
Kikubaaqudgha
Makhleb
Nemelex Xobeh
Okawaru
Qazlal
Ru
Sif Muna
Trog
Uskayaw
Vehumet
Wu Jian
Xom
Yredelemnul
Zin
The Shining One
Beogh

Shops:
D:8 :

Annotations:
Lair:3 Rupert


Innate Abilities, Weirdness & Mutations

You are immune to sickness and miasma.
Your stone body is resilient. (AC +9)
You are immune to poison.
You resist negative energy. (rN+)
You are resistant to electric shocks. (rElec)
You are resistant to unholy torment.
You are immune to petrification.
You are agile. (Dex +2)
Your flesh is heat resistant. (rF+)
You are covered in fur. (AC +1)


Message History

There is a stone staircase leading down here.
Unknown command.
Casting: Stone Arrow (safe; 1% risk of failure)
Confirm with . or Enter, or press ? or * to list all spells.
Aiming: Stone Arrow (safe; 1% risk of failure)
Press: ? - help, Shift-Dir - straight line, f - orc warlord
Aim: an orc warlord, wielding a +4 dire flail of holy wrath and wearing a +0 chain mail (moderately wounded, 84% to hit)
You miscast Stone Arrow.
You are very lightly contaminated with residual magic.
Nothing appears to happen.
The orc warlord hits you with a +4 dire flail of holy wrath!!
Unknown command.
Casting: Stone Arrow (safe; 1% risk of failure)
Confirm with . or Enter, or press ? or * to list all spells.
Aiming: Stone Arrow (safe; 1% risk of failure)
Press: ? - help, Shift-Dir - straight line, f/p - orc warlord
Aim: an orc warlord, wielding a +4 dire flail of holy wrath and wearing a +0 chain mail (moderately wounded, 84% to hit)
The stone arrow hits the orc warlord!
The orc warlord is heavily wounded.
The orc warlord hits you but does no damage.
Casting: Stone Arrow (safe; 1% risk of failure)
Confirm with . or Enter, or press ? or * to list all spells.
Aiming: Stone Arrow (safe; 1% risk of failure)
Press: ? - help, Shift-Dir - straight line, f/p - orc warlord
Aim: an orc warlord, wielding a +4 dire flail of holy wrath and wearing a +0 chain mail (heavily wounded, 84% to hit)
The stone arrow hits the orc warlord!!
The orc warlord is severely wounded.
The orc warlord hits you with a +4 dire flail of holy wrath!!
Casting: Stone Arrow (safe; 1% risk of failure)
Confirm with . or Enter, or press ? or * to list all spells.
Aiming: Stone Arrow (safe; 1% risk of failure)
Press: ? - help, Shift-Dir - straight line, f/p - orc warlord
Aim: an orc warlord, wielding a +4 dire flail of holy wrath and wearing a +0 chain mail (severely wounded, 84% to hit)
The stone arrow hits the orc warlord!
The orc warlord is almost dead.
The orc warlord hits you with a +4 dire flail of holy wrath!
* * * LOW HITPOINT WARNING * * *
Your magical contamination has completely faded away.
The orc warlord hits you with a +4 dire flail of holy wrath!!
You die...

.....#................#
.....................##
..................#.##
......>..............#
......>..........##.##
.............#...#...#
....^........#..#.#.##
.........#.........######
..........#.#...@o......#
..[......####.####.####.# ###
..))......#.#.##.....##.######.##
..<[[.........#.......#..#.##...#
.)......#.#...#.......#.....##...
.#.)[...#.#......._......#.##....
##............#.......#...##.....
###...........#.......#...##..#..
#............##.....##..........


You could see an orc warlord.

Vanquished Creatures
  An orc warlord (D:11)
  Josephine (D:11)
  A fire dragon (D:10)
  An ettin (Orc:2)
  2 hydras
  A centaur warrior (D:10)
  5 two-headed ogres
  A death knight (D:10)
  3 bog bodies (Lair:2)
  Pikel (D:5)
  A deep elf pyromancer (D:8)
  An oklob plant (Lair:2)
  An orc sorcerer (D:11)
  2 black mambas
  A gargoyle (D:10)
  A cane toad (Lair:1)
  4 kobold demonologists (D:11)
  A komodo dragon (Lair:1)
  2 trolls
  3 hornets
  2 tyrant leeches (D:12)
  3 polar bears
  Grinder (D:5)
  8 blink frogs
  2 slime creatures (D:10)
  Sigmund (D:6)
  A shadow (D:12)
  2 wyverns
  2 vampires (D:12)
  6 wraiths
  21 yaks
  Grum (D:11)
  2 wargs
  7 vampire mosquitoes
  A swamp worm (Lair:2)
  Edmund (D:6)
  4 water moccasins
  An ice beast (D:5)
  20 orc warriors
  A swamp drake (D:11)
  3 black bears
  A necrophage (D:7)
  A sky beast (D:7)
  2 ogres
  3 wolves (D:11)
  5 centaurs
  5 kobold brigands
  2 wyvern zombies
  8 bullfrogs
  3 scorpions
  A water moccasin skeleton (D:6)
  6 killer bees (D:10)
  A wight (D:10)
  An electric eel (Lair:2)
  A howler monkey (D:10)
  3 centaur zombies
  2 hounds
  2 jellies
  9 orc priests
  Crazy Yiuf (D:5)
  2 iguanas (D:5)
  20 orc wizards
  A hound skeleton (D:4)
  8 mummies (Ossuary)
  2 howler monkey zombies
  9 adders
  A howler monkey skeleton (D:6)
  An ufetubus (D:4)
  An adder skeleton (D:4)
  4 dart slugs
  A worm (D:4)
  63 orcs
  3 endoplasms
  2 giant cockroaches
  A gnoll zombie (Ossuary)
  9 goblins
  10 hobgoblins
  21 kobolds
  2 quokkas
  5 ball pythons
  9 bats
  3 frilled lizards
  3 hobgoblin zombies (Ossuary)
  3 kobold zombies (Ossuary)
  An orc zombie (Ossuary)
  10 rats
376 creatures vanquished.

Vanquished Creatures (collateral kills)
  A slime creature (D:10)
1 creature vanquished.

Vanquished Creatures (others)
  An orc wizard (D:9)
  11 fungi
  14 plants
26 creatures vanquished.

Grand Total: 403 creatures vanquished

Notes
Turn   | Place    | Note
-------+----------+-------------------------------------------
     0 | D:1      | Kaptain the Gargoyle Earth Elementalist began the quest for
                  | the Orb.
     0 | D:1      | Reached XP level 1. HP: 10/10 MP: 3/3
   161 | D:1      | Reached skill level 1 in Transmutations
   161 | D:1      | Reached XP level 2. HP: 7/15 MP: 0/5
   768 | D:1      | Reached XP level 3. HP: 19/19 MP: 3/6
  1339 | D:2      | Reached skill level 4 in Earth Magic
  1515 | D:2      | Learned a level 3 spell: Stone Arrow
  2121 | D:3      | Reached XP level 4. HP: 21/24 MP: 7/7
  2328 | D:3      | Noticed an ogre
  2485 | D:3      | Found a shadowy altar of Dithmenos.
  2577 | D:3      | Found a faded altar of an unknown god.
  2661 | D:3      | Killed an ogre
  2662 | D:3      | Reached skill level 1 in Fighting
  2662 | D:3      | Reached skill level 1 in Conjurations
  2662 | D:3      | Reached XP level 5. HP: 14/29 MP: 3/9
  2878 | D:3      | Found a glowing silver altar of Zin.
  3019 | D:3      | Found a basalt altar of Yredelemnul.
  3504 | D:4      | Reached skill level 1 in Armour
  3504 | D:4      | Reached XP level 6. HP: 31/34 MP: 5/10
  3725 | D:4      | Identified the +9 dagger of the Lusting Spider {freeze, rC+
                  | Will+ Int+5}
  3774 | D:4      | Found a staircase to the Ecumenical Temple.
  3788 | Temple   | Entered the Ecumenical Temple
  4101 | D:4      | Noticed a black bear
  4104 | D:4      | Killed a black bear
  4105 | D:4      | Reached skill level 5 in Earth Magic
  4508 | D:4      | Reached XP level 7. HP: 28/39 MP: 5/12
  4622 | D:4      | Noticed a wyvern
  4630 | D:4      | Killed a wyvern
  4852 | D:5      | Entered Level 5 of the Dungeon
  4879 | D:5      | Noticed Pikel
  4905 | D:5      | Killed Pikel
  4906 | D:5      | Reached skill level 6 in Earth Magic
  4906 | D:5      | Reached XP level 8. HP: 17/45 MP: 1/14
  5232 | D:5      | Found a stormy altar of Qazlal.
  5232 | D:5      | Found a radiant altar of Vehumet.
  5295 | D:5      | Noticed Grinder
  5305 | D:5      | Killed Grinder
  5321 | D:5      | Found a sand-covered staircase.
  5330 | Ossuary  | Entered an ossuary
  5436 | Ossuary  | Reached skill level 7 in Earth Magic
  5624 | Ossuary  | Reached XP level 9. HP: 51/51 MP: 10/16
  5970 | D:5      | Reached skill level 5 in Spellcasting
  5983 | D:5      | Reached skill level 5 in Conjurations
  6132 | D:5      | Found a runed translucent door.
  6133 | D:5      | Noticed Crazy Yiuf
  6234 | D:5      | Killed Crazy Yiuf
  6435 | D:6      | Found a glowing golden altar of the Shining One.
  6635 | D:6      | Reached skill level 5 in Stealth
  6870 | D:6      | Found a burning altar of Makhleb.
  6877 | D:6      | Noticed Sigmund
  6883 | D:6      | Killed Sigmund
  6976 | D:6      | Noticed Edmund
  6981 | D:6      | Killed Edmund
  7953 | D:7      | Found a shimmering blue altar of Sif Muna.
  8117 | D:7      | Found a shimmering altar of Xom.
  8311 | D:7      | Found a hide-covered altar of Uskayaw.
  8422 | D:8      | Found a blossoming altar of Fedhas.
  8428 | D:8      | Reached skill level 8 in Earth Magic
  8564 | D:8      | Found Ymomujirch's Book Boutique.
  8801 | D:8      | Reached XP level 10. HP: 58/58 MP: 14/19
  8967 | D:8      | Found a staircase to the Lair.
  8990 | D:8      | Identified the +4 quarterstaff of Yxkoatri {antimagic, Fly
                  | rPois}
  9628 | D:8      | Noticed a deep elf pyromancer
  9633 | D:8      | Killed a deep elf pyromancer
  9634 | D:8      | Reached skill level 1 in Shields
 10631 | D:9      | Reached skill level 9 in Earth Magic
 10641 | D:9      | Reached skill level 5 in Fighting
 10646 | D:9      | Reached skill level 5 in Armour
 11041 | D:10     | Entered Level 10 of the Dungeon
 11262 | Lair:1   | Entered Level 1 of the Lair of Beasts
 11262 | Lair:1   | Noticed a five-headed hydra
 11267 | Lair:1   | Killed a five-headed hydra
 11268 | Lair:1   | Reached XP level 11. HP: 28/64 MP: 8/21
 12130 | Lair:1   | Gained mutation: You occasionally shout uncontrollably at
                  | your foes. [potion of mutation]
 12131 | Lair:1   | Lost mutation: You occasionally shout uncontrollably at
                  | your foes. [potion of mutation]
 12131 | Lair:1   | Gained mutation: You are covered in fur. (AC +1) [potion of
                  | mutation]
 12131 | Lair:1   | Gained mutation: You have hidden genetic potential. [potion
                  | of mutation]
 12932 | Lair:1   | Reached skill level 10 in Earth Magic
 13236 | Lair:2   | Found a shimmering altar of Xom.
 13237 | Lair:2   | Noticed an oklob plant
 13256 | Lair:2   | Killed an oklob plant
 13491 | Lair:2   | Identified the +4 hunting sling of Pyromania {venom, *Slow
                  | rElec Dex+2 Stlth+}
 13839 | Lair:2   | Noticed a bog body
 13844 | Lair:2   | Killed a bog body
 13845 | Lair:2   | Reached skill level 5 in Dodging
 14010 | Lair:2   | Noticed a bog body
 14017 | Lair:2   | Killed a bog body
 14082 | Lair:2   | Noticed a bog body
 14091 | Lair:2   | Killed a bog body
 14176 | Lair:2   | Found a staircase to the Swamp.
 14336 | Lair:3   | Reached XP level 12. HP: 70/70 MP: 14/23
 14933 | Lair:3   | Gained mutation: You are agile. (Dex +2) [hidden potential]
 15005 | Lair:3   | Noticed Rupert
 15105 | D:8      | Bought a book of Fire for 616 gold pieces
 15111 | D:8      | Learned a level 5 spell: Fireball
 15337 | D:10     | Identified the +4 morningstar "Cadwior" {vorpal, Will+
                  | Stlth+}
 15675 | D:10     | Noticed a two-headed ogre
 15693 | D:10     | Reached skill level 11 in Earth Magic
 15702 | D:10     | Noticed a two-headed ogre
 15846 | D:10     | Noticed a death knight
 16199 | D:10     | Noticed a centaur warrior
 16201 | D:10     | Noticed a fire dragon
 16206 | D:10     | Killed a centaur warrior
 16219 | D:10     | Killed a fire dragon
 16236 | D:10     | Got Yfiteoq's Tome of Excruciating Illusion
 16364 | D:10     | Killed a two-headed ogre
 16708 | D:10     | Killed a death knight
 17062 | D:10     | Killed a two-headed ogre
 17063 | D:10     | Reached skill level 5 in Shields
 17295 | D:11     | You fall into a shaft and drop 1 floor!
 17569 | D:12     | Reached skill level 10 in Conjurations
 17637 | D:12     | Noticed an eight-headed hydra
 17765 | D:12     | Killed an eight-headed hydra
 17829 | D:12     | Found the +8 Vampire's Tooth {vamp}
 17921 | D:12     | Noticed a two-headed ogre
 17927 | D:12     | Killed a two-headed ogre
 17928 | D:12     | Reached XP level 13. HP: 76/76 MP: 15/25
 18245 | D:11     | Found a shimmering altar of Xom.
 18264 | D:11     | Noticed Grum
 18267 | D:11     | Killed Grum
 18272 | D:11     | Reached skill level 12 in Earth Magic
 18286 | D:11     | Gained mutation: Your flesh is heat resistant. (rF+)
                  | [hidden potential]
 18286 | D:11     | Lost mutation: You have hidden genetic potential. [hidden
                  | potential expressed]
 18934 | D:11     | Found a shimmering altar of Xom.
 19035 | D:11     | Found a shimmering altar of Xom.
 19465 | D:11     | Identified the +1 pair of boots of Sorcery {Harm}
 19767 | D:11     | Found a staircase to the Orcish Mines.
 20210 | Orc:1    | Entered Level 1 of the Orcish Mines
 20210 | Orc:1    | Noticed Josephine
 20210 | Orc:1    | Noticed an orc warlord
 20233 | D:11     | Killed Josephine
 20829 | D:11     | Killed an orc warlord
 21770 | Orc:2    | Entered Level 2 of the Orcish Mines
 21776 | Orc:2    | Noticed an ettin
 21784 | Orc:2    | Killed an ettin
 21844 | Orc:2    | Noticed an orc warlord
 21878 | Orc:1    | Mangled by an orc warlord

Illustrated notes

Levels and vault maps discovered:
D:1:      zelgadis_glass_arrival_small, layout_rooms, st_stairs_12,
          minmay_tromino_i4
D:2:      layout_basic, kennysheep_cross_bottleneck
D:3:      layout_basic, zin_scriptorium, mainiacjoe_overflow_24_doors,
          general_overflow_altar, basic_ecumenical_altar
D:4:      layout_basic, minmay_temple_entry_gardened_gates,
          kennysheep_generic_room_6
D:5:      layout_rooms, chequers_temple_overflow_statue_of_worship,
          nicolae_ossuary_entry_monument, uniq_grinder, uniq_pikel,
          uniq_crazy_yiuf_cottage
D:6:      layout_loops_ring, lemuel_crystal_altar, mainiacjoe_overflow_brackets,
          skrybe_limestone_x, sigmund_edmund_badplayer
D:7:      layout_gridville, lemuel_round_altar, mainiacjoe_overflow_catwalk,
          lemuel_tele_altar
D:8:      layout_basic, fedhas_altar_3, lair_entry_dummy, serial_shops,
          shop_fountains
D:9:      layout_gridville
D:10:     kennysheep_windowed_halls, layout_long_grid
D:11:     layout_roguey, erik_orc_1, hangedman_abyss_or_decor_lesser_grid,
          xom_redecorated, uniq_grum
D:12:     layout_basic, minmay_guarded_unrand_vampires_tooth
Temple:   minmay_temple_curvy_loop
Lair:1:   layout_layer_cave, infiniplex_staircase_pool
Lair:2:   layout_regular_city, nicolae_swamp_entry_splash_gauntlet,
          lemuel_oklob_altar, grunt_megastairs_1
Lair:3:   layout_cellular_growth, gauntlet_entry_generic, uniq_rupert
Orc:1:    layout_caves, mines1_david, uniq_josephine
Orc:2:    kennysheep_orc_mage_school, layout_caves, serial_shops, shop,
          nicolae_shop_overcharged_wands

Skill      XL: |  1  2  3  4  5  6  7  8  9 10 11 12 13 |
---------------+----------------------------------------+-----
Transmutations | 1 |  1.3
Dodging        | 2 3 4 5 6 |  6.2
Earth Magic    | 4 5 6 7 8 9 10 11 12 | 12.5
Fighting       | 1 2 3 4 5 6 7 |  7.6
Stealth        | 3 4 5 6 7 8 |  8.8
Conjurations   | 1 2 4 6 7 8 10 | 10.8
Armour         | 1 2 3 4 5 6 7 |  7.5
Spellcasting   | 3 4 6 7 8 9 |  9.4
Shields        | 2 4 5 |  5.9

Action                   |  1- 3 |  4- 6 |  7- 9 | 10-12 | 13-15 || total
-------------------------+-------+-------+-------+-------+-------++-------
Melee: Dagger            |    22 |    18 |    91 |   150 |    38 ||   319
       Short sword       |    75 |    46 |       |       |       ||   121
       Punch             |     2 |       |     3 |     2 |       ||     7
       Quick blade       |       |       |       |       |    17 ||    17
 Cast: Sandblast         |    37 |    38 |    54 |    68 |    17 ||   214
       Stone Arrow       |       |     1 |    57 |   217 |   127 ||   402
Evoke: Wand              |       |       |       |     3 |     4 ||     7
  Use: Potion            |     1 |       |     3 |     5 |     2 ||    11
       Scroll            |     2 |     3 |    11 |     9 |       ||    25
 Stab: Sleeping          |     2 |     2 |     3 |    11 |       ||    18
       Distracted        |       |       |     1 |     1 |       ||     2
Armor: Robe              |    41 |    29 |       |       |       ||    70
       Skin              |     7 |       |       |       |       ||     7
       Leather armour    |       |     7 |    42 |   115 |       ||   164
       Fire dragon scale |       |       |       |    43 |    74 ||   117
Dodge: Dodged            |    72 |    60 |    85 |   170 |    67 ||   454
Block: Buckler           |       |       |       |    39 |    34 ||    73
